 Dungeon Crawl Stone Soup version 0.18.1-5-g4a78601 (webtiles) character file.

436 epen the Ruffian (level 7, -2/58 HPs)
             Began as a Ghoul Gladiator on May 13, 2016.
             Killed from afar by Pikel (6 damage)
             ... with a wand of lightning
             ... on level 4 of the Dungeon.
             The game lasted 00:07:26 (3181 turns).

epen the Ruffian (Ghoul Gladiator)                  Turns: 3181, Time: 00:07:26

Health: -2/58      AC:  9    Str: 19    XL:     7   Next: 1%
Magic:  15/15      EV:  8    Int:  5    God:
Gold:   226        SH:  0    Dex:  9    Spells: 0 memorised, 6 levels left

rFire  . . .     SeeInvis .       - Unarmed
rCold  + . .     Gourm    .     q - +0 chain mail
rNeg   + + +     Faith    .     (no shield)
rPois  ∞         Spirit   .     b - +0 helmet
rElec  .         Dismiss  .     (no cloak)
rCorr  .         Reflect  .     (no gloves)
SustAt .         Harm     .     (no boots)
MR     .....                    (no amulet)
Stlth  ..........               (no ring)
                                p - ring of magical power

@: rotting, not resistant to hostile enchantments, extremely unstealthy
A: rotting body, claws 1, carnivore 3, cold resistance 1, negative energy
resistance 3, slow regeneration 1, torment resistance, unbreathing
a: no special abilities


You were on level 4 of the Dungeon.
You were not hungry.

You visited 1 branch of the dungeon, and saw 5 of its levels.

You collected 226 gold pieces.

Inventory:

Missiles
 c - 4 throwing nets (quivered)
Armour
 a - a +0 leather armour
 b - a +0 helmet (worn)
 q - a +0 chain mail (worn)
Jewellery
 p - a ring of magical power (left claw)
 t - an uncursed ring of see invisible {unknown}
 x - an uncursed ring of poison resistance {unknown}
Scrolls
 e - a scroll of recharging {unknown}
 f - 3 scrolls of magic mapping {unknown}
 g - 4 scrolls of enchant weapon {unknown}
 h - 4 scrolls of random uselessness {unknown}
 i - a scroll of amnesia {unknown}
 j - 4 scrolls of identify {unknown}
 k - a scroll of noise {unknown}
 m - a scroll of fog {unknown}
 s - a scroll of immolation {unknown}
 v - a scroll of enchant armour {unknown}
 w - a scroll of teleportation {unknown}
Potions
 l - a potion of resistance {unknown}
 o - a potion of might {unknown}
 r - a potion of brilliance {unknown}
Books
 u - a Fen Folio

   Spells                             Type                      Level
   a - Corpse Rot                     Necromancy                   2
   b - Stone Arrow                    Conjuration/Earth            3
   c - Leda's Liquefaction            Hexes/Earth                  4
   d - Summon Forest                  Summoning/Translocation      5
   e - Hydra Form                     Transmutation                6
   f - Summon Hydra                   Summoning                    7
Comestibles
 d - 2 meat rations
 n - 2 beef jerkies


   Skills:
 + Level 3.8 Fighting
 - Level 1.7 Throwing
 + Level 2.1 Armour
 * Level 4.4 Dodging
 * Level 5.6 Unarmed Combat


You had 6 spell levels left.
You didn't know any spells.

Dungeon Overview and Level Annotations

Branches:
Dungeon (5/15)
 Temple: D:4-7

Altars:
Cheibriados
Nemelex Xobeh
Ru
Trog

Annotations:
D:4 Pikel


Innate Abilities, Weirdness & Mutations

Your body is rotting away.
You thrive on raw meat.
You are immune to poison.
You have sharp fingernails.
You are carnivorous and can eat meat at any time.
Your flesh is cold resistant.
You are immune to negative energy.
You regenerate slowly when monsters are visible.
You are immune to unholy pain and torment.
You can survive without breathing.


Message History

Pikel is heavily wounded.
Pikel barely misses you.
Your chain mail prevents you from hitting Pikel.
Your claw misses Pikel.
Pikel is heavily wounded.
Pikel hits you but does no damage.
You closely miss Pikel.
Pikel is heavily wounded.
Pikel closely misses you.
You claw Pikel!
Pikel is heavily wounded.
Pikel zaps a wand.
The bolt of lightning hits you!
It is a wand of lightning.
You closely miss Pikel.
Pikel is heavily wounded.
Pikel zaps a wand.
The bolt of lightning hits you!
* * * LOW HITPOINT WARNING * * *
You closely miss Pikel.
Pikel is heavily wounded.
Pikel zaps a wand.
The bolt of lightning hits you!
You die...

#.#[.#...#####.#
#.#..#..##.....#
#.#..#.....##[.#
#.....#.#...#..#
####...........#
#....##.....###### .##
#.......#........#
....p##....##.#.....##.#
....ppK@....#.#.....##.#
....p###....#....##.##.#
... #...)#....#.....# .
#....#.##...).###
##..##..+.....#
#......#.....#
#..###.#.....#
#..###.#.....#
#.>..........#


You could see Pikel and 4 slaves.

Vanquished Creatures
  2 scorpions
  An orc priest (D:4)
  3 orc wizards
  A worker ant (D:4)
  Robin (D:1)
  An adder (D:3)
  4 gnolls
  An ooze (D:1)
  An adder skeleton (D:4)
  5 worms
  A dart slug (D:1)
  5 giant geckos
  9 orcs
  2 giant cockroaches (D:2)
  16 goblins
  16 hobgoblins
  6 jackals
  9 kobolds
  A quokka (D:3)
  2 ball pythons
  10 bats
  A giant gecko skeleton (D:4)
  8 giant newts
  12 rats
118 creatures vanquished.

Notes
Turn   | Place    | Note
--------------------------------------------------------------
     0 | D:1      | epen the Ghoul Gladiator began the quest for the Orb.
     0 | D:1      | Reached XP level 1. HP: 17/17 MP: 0/0
    12 | D:1      | Reached XP level 2. HP: 7/25 MP: 1/1
   371 | D:1      | Reached XP level 3. HP: 26/30 MP: 2/2
   600 | D:1      | Reached skill level 4 in Unarmed Combat
   769 | D:2      | Reached skill level 1 in Armour
   901 | D:2      | Reached XP level 4. HP: 36/36 MP: 3/3
   911 | D:2      | Noticed Robin
   959 | D:1      | Killed Robin
  1172 | D:2      | Noticed a moth of wrath
  1175 | D:2      | Found a bloodstained altar of Trog.
  1632 | D:3      | Reached XP level 5. HP: 41/42 MP: 4/4
  1769 | D:3      | Found a sparkling altar of Nemelex Xobeh.
  1770 | D:3      | Found a sacrificial altar of Ru.
  1774 | D:3      | Found a snail-covered altar of Cheibriados.
  1888 | D:3      | Found a faded altar to an unknown god.
  2340 | D:4      | Reached skill level 5 in Unarmed Combat
  2449 | D:4      | Reached XP level 6. HP: 51/51 MP: 5/5
  2692 | D:4      | HP: 1/51 [orc priest/divine providence (16)]
  2716 | D:5      | Entered Level 5 of the Dungeon
  2727 | D:5      | HP: 1/51 [something (9)]
  3076 | D:4      | Reached XP level 7. HP: 53/56 MP: 6/6
  3163 | D:4      | Noticed Pikel
  3181 | D:4      | Killed from afar by Pikel

Skill      XL: |  1  2  3  4  5  6 |
---------------+-------------------+-----
Dodging        | 3 4 |  4.4
Unarmed Combat | 4 5 |  5.6
Armour         | 1 2 |  2.1
Fighting       | 3 |  3.8
Throwing       | |  1.7

Action                   |  1- 3 |  4- 6 |  7- 9 || total
-------------------------+-------+-------+-------++-------
Melee: Unarmed           |   130 |   312 |    17 ||   459
       Punch             |     1 |     4 |       ||     5
  Use: Potion            |       |     2 |       ||     2
  Eat: Chunk             |    12 |    30 |     3 ||    45
Armor: Leather armour    |    30 |       |       ||    30
       Chain mail        |    17 |   210 |     5 ||   232
Dodge: Dodged            |    81 |   158 |     3 ||   242
